 Dungeon Crawl Stone Soup version 0.25.1-9-gc5326a611f (webtiles) character file.

Game seed: 4084946491861582404

147 Goreval the Sneak (level 5, -6/31 HPs)
             Began as an Octopode Wizard on Jan 8, 2021.
             Mangled by Crazy Yiuf
             ... wielding a +2 quarterstaff of chaos
              (17 damage)
             ... on level 3 of the Dungeon.
             The game lasted 00:06:56 (4049 turns).

Goreval the Sneak (Octopode Wizard)                 Turns: 4049, Time: 00:06:56

Health: -6/31      AC:  1    Str:  6    XL:     5   Next: 29%
Magic:  5/10       EV: 13    Int: 22    God:
Gold:   203        SH:  0    Dex: 10    Spells: 3/11 levels left

rFire    . . .     SeeInvis +   g - +0 dagger
rCold    . . .     Gourm    .   (no shield)
rNeg     . . .     Faith    .   a - +0 hat
rPois    .         Spirit   .   i - amulet of the acrobat
rElec    .         Reflect  .   k - ring of resist corrosion
rCorr    +         Harm     .   v - ring of see invisible
MR       .....                  (no ring)
Stlth    +++.......             (no ring)
HPRegen  0.10/turn              (no ring)
MPRegen  0.12/turn              (no ring)
                                (no ring)
                                (no ring)

@: lethally poisoned (-6 -> -14)
A: almost no armour, stealthy swim, amphibious, 8 rings, constrict 8, camouflage
1, gelatinous body 1
a: no special abilities


You were on level 3 of the Dungeon.
You were not hungry.

You visited 1 branch of the dungeon, and saw 3 of its levels.

You collected 203 gold pieces.

Inventory:

Hand Weapons
 g - a +0 dagger (weapon)
Missiles
 b - 59 stones (quivered)
Armour
 a - a +0 hat (worn)
Jewellery
 i - an amulet of the acrobat (around mantle)
 k - a ring of resist corrosion (left tentacle)
 v - a ring of see invisible (right tentacle)
Wands
 s - a wand of acid (9)
Scrolls
 d - 3 scrolls of identify {unknown}
 e - 2 scrolls of blinking {unknown}
 f - 3 scrolls of teleportation {unknown}
 j - 2 scrolls of noise {unknown}
 l - a scroll of random uselessness {unknown}
 o - a scroll of enchant weapon {unknown}
 r - a scroll of fog {unknown}
Potions
 h - a potion of flight {unknown}
 m - a potion of magic {unknown}
 n - a potion of degeneration {unknown}
 q - 2 potions of haste {unknown}
 t - a potion of curing {unknown}
 u - a potion of invisibility {unknown}
Comestibles
 c - 7 rations


   Skills:
 + Level 2.9 Dodging
 + Level 4.0 Stealth
 + Level 3.5 Spellcasting
 * Level 3.2 Conjurations
 - Level 1.0 Summonings
 - Level 1.0 Translocations


You had 3 spell levels left.
You knew the following spells:

 Your Spells              Type           Power        Failure   Level  Hunger
a - Magic Dart            Conj           ###.         3%          1    None
b - Conjure Flame         Conj/Fire      ##......     19%         3    ###....
n - Blink                 Tloc           N/A          12%         2    ##.....
z - Call Imp              Summ           #.......     12%         2    ##.....

Your spell library contained the following spells:

 Spells                   Type           Power        Failure   Level  Hunger
 Slow                     Hex            #.......     19%         2    ##.....
 Mephitic Cloud           Conj/Pois/Air  #.......     22%         3    ###....


Dungeon Overview and Level Annotations

Branches:
Dungeon (3/15)

Altars:
Dithmenos
Hepliaklqana
Makhleb
Ru
Trog
Uskayaw
Wu Jian

Annotations:
D:3 Crazy Yiuf


Innate Abilities, Weirdness & Mutations

You cannot wear most types of armour.
You are very stealthy in the water. (Stealth+)
You are amphibious.
You can wear up to eight rings at the same time.
You can use your tentacles to constrict eight enemies at once.
Your skin changes colour to match your surroundings (Stealth+).
Your rubbery body absorbs attacks. (AC +1, EV +1)


Message History

The magic dart hits Crazy Yiuf.
You swap places.
Crazy Yiuf hits your white imp with a +2 quarterstaff of chaos!
Your white imp is poisoned.
Your white imp barely misses Crazy Yiuf.
Your white imp dies!
Crazy Yiuf yells, "Cards snockshim shoe!"
Crazy Yiuf zaps a wand.
You resist with some effort.
A beastly little devil appears in a puff of flame.
Crazy Yiuf hits you with a +2 quarterstaff of chaos.
You are poisoned.
You feel sick.
Crazy Yiuf says, "Crazy?
Crazy!?
PORCUPINE!"
You closely miss Crazy Yiuf. Your grab misses Crazy Yiuf.
You squeeze Crazy Yiuf.
You feel sick.
Crazy Yiuf hits you with a +2 quarterstaff of chaos!
Space warps horribly around you!
Ouch! That really hurt!
You die...

P#####.#######..##
#.###.##..####
##...............###.#
#.##.)####
#......#######....####
#.##..##.. ....#..#
#....# #........#
###.#..# #P..P#
####..#### # #....#
##P..# #######..####
###.#.## ##.##
#............ ......#
##.# #############
#.##### #@## #.#
###### ##g# ##### #.#
#....# #5## ##...##
#.# #.#### #'#
##.###.## #.# #.# ...
#.#####.###
#.####.#### #...#
#.##....)..
..........# #)..#
#.##.##.###
...###.#### #####
##.#.#.## #
....##.#### ##...## #


You could see Crazy Yiuf and a friendly crimson imp (summoned).

Vanquished Creatures
  A crimson imp (D:2)
  A centaur skeleton (D:2)
  2 adders (D:2)
  A worm (D:2)
  3 dart slugs
  2 leopard geckos
  2 orcs (D:3)
  2 giant cockroaches
  2 hobgoblins
  4 kobolds
  A quokka (D:3)
  2 bats (D:3)
  5 frilled lizards
  5 goblins
  5 rats
38 creatures vanquished.

Vanquished Creatures (collateral kills)
  Jessica (D:3)
  2 adders (D:2)
  A worm (D:3)
  An orc (D:3)
5 creatures vanquished.

Grand Total: 43 creatures vanquished

Notes
Turn   | Place    | Note
-------+----------+-------------------------------------------
     0 | D:1      | Goreval the Octopode Wizard began the quest for the Orb.
     0 | D:1      | Reached XP level 1. HP: 11/11 MP: 4/4
   336 | D:1      | Reached skill level 3 in Stealth
   336 | D:1      | Reached XP level 2. HP: 4/17 MP: 0/6
   344 | D:1      | Learned a level 2 spell: Blink
   347 | D:1      | Learned a level 2 spell: Call Imp
  1461 | D:2      | Reached XP level 3. HP: 21/21 MP: 4/7
  1466 | D:2      | Learned a level 3 spell: Conjure Flame
  1954 | D:2      | Found a hazy altar of Hepliaklqana.
  1956 | D:2      | Found a shadowy altar of Dithmenos.
  1956 | D:2      | Noticed a shadow
  2070 | D:2      | Found a burning altar of Makhleb.
  2112 | D:2      | Reached XP level 4. HP: 9/27 MP: 2/9
  2734 | D:3      | Found a sacrificial altar of Ru.
  2736 | D:3      | Found a hide-covered altar of Uskayaw.
  2738 | D:3      | Found a bloodstained altar of Trog.
  2862 | D:3      | Found a runed translucent door.
  2863 | D:3      | Noticed Crazy Yiuf
  2892 | D:3      | Reached XP level 5. HP: 31/31 MP: 7/10
  2978 | D:3      | Found an ornate altar of the Wu Jian Council.
  3417 | D:3      | Reached skill level 4 in Stealth
  3529 | D:3      | Noticed Jessica
  3634 | D:3      | Killed Jessica
  4049 | D:3      | Mangled by Crazy Yiuf

Illustrated notes

Levels and vault maps discovered:
D:1:      minmay_arrival_semitransparent, layout_loops_ring
D:2:      layout_basic, riverfiend_overflow_shadow_ancestor,
          makhleb_grotto_becter, first_ration
D:3:      layout_loops_corners, old_standard_altar,
          gammafunk_temple_overflow_forgotten, uniq_jessica,
          uniq_crazy_yiuf_cottage

Skill      XL: |  1  2  3  4  5 |
---------------+----------------+-----
Stealth        | 3 4 |  4.0
Conjurations   | 2 3 |  3.2
Dodging        | |  2.9
Spellcasting   | |  3.5
Summonings     | |  1.0
Translocations | |  1.0

Action                   |  1- 3 |  4- 6 || total
-------------------------+-------+-------++-------
Melee: Unarmed           |    13 |       ||    13
       Tentacles         |    11 |     4 ||    15
       Constrict         |     9 |     6 ||    15
       Dagger            |    31 |    17 ||    48
Throw: Stone             |     3 |       ||     3
 Cast: Magic Dart        |    46 |    39 ||    85
       Call Imp          |     6 |     6 ||    12
 Stab: Sleeping          |     2 |     3 ||     5
  Eat: Chunk             |     1 |     5 ||     6
       Ration            |     1 |       ||     1
Armor: Skin              |     2 |       ||     2
Dodge: Dodged            |    38 |     8 ||    46
